Map: Ruins of Seras

Players

Yakobean

  • Race: Protoss Protoss
  • League: Grandmaster

Javert - Winner!

  • Race: Zerg Zerg
  • League: Grandmaster

VOD

Have the link to the VOD?

Description

Time

  • Played on: June 13, 2015, 10:39 p.m.
  • Length: 9:37
Show
View Real Time Build Order
Export as new Build Order

Yakobean Protoss 

Build Orders: Nexus First 

Get SALT Encoding   

  12  0:01  Probe  
  13  0:13  Probe  
  14  0:25  Pylon  
  14  0:43  Probe (Chrono Boost)  
  15  0:54  Probe (Chrono Boost)  
  16  1:00  Probe  
  16  1:03  Nexus  
  17  1:12  Probe  
  18  1:20  Gateway  
  18  1:33  Forge  
  18  1:34  Probe  
  18  1:38  Assimilator  
  19  1:46  Probe (Chrono Boost)  
  20  1:51  Pylon  
  20  1:59  Probe (Chrono Boost)  
  21  2:15  Cybernetics Core  
  21  2:17  Photon Cannon  
  21  2:25  Probe x2 (Chrono Boost)  
  23  2:32  Zealot  
  27  2:37  Probe x2 (Chrono Boost)  
  27  2:38  Protoss Ground Weapons Level 1 (Chrono Boost)  
  27  2:43  Probe x2 (Chrono Boost)  
  29  2:54  Probe (Chrono Boost)  
  31  3:00  Probe (Chrono Boost), Assimilator  
  31  3:04  Probe (Chrono Boost), Warp Gate  
  32  3:08  Probe (Chrono Boost)  
  32  3:11  Probe  
  34  3:19  Probe (Chrono Boost)  
  35  3:23  Pylon  
  35  3:24  Probe (Chrono Boost)  
  36  3:31  Probe (Chrono Boost)  
  38  3:35  Probe (Chrono Boost), Assimilator  
  38  3:39  Probe (Chrono Boost), Assimilator  
  39  3:41  Probe (Chrono Boost)  
  39  3:45  Stargate  
  41  3:48  Probe (Chrono Boost)  
  41  3:49  Stalker  
  41  3:53  Probe (Chrono Boost)  
  44  3:59  Probe (Chrono Boost)  
  44  4:01  Probe (Chrono Boost)  
  44  4:02  Pylon  
  46  4:05  Probe (Chrono Boost)  
  47  4:14  Stargate  
  47  4:24  Stargate  
  47  4:26  Pylon  
  47  4:30  Zealot  
  52  4:40  Probe x2  
  52  4:43  Oracle (Chrono Boost)  
  53  4:52  Probe x2  
  55  4:59  Protoss Air Weapons Level 1 (Chrono Boost)  
  55  5:01  Oracle (Chrono Boost)  
  55  5:02  Nexus, Pylon  
  55  5:04  Probe  
  59  5:10  Probe, Pylon  
  59  5:13  Assimilator  
  60  5:15  Oracle (Chrono Boost)  
  60  5:16  Probe, Assimilator  
  64  5:22  Probe  
  64  5:28  Probe, Oracle  
  66  5:34  Probe  
  70  5:40  Probe  
  71  5:46  Probe  
  72  5:52  Probe  
  72  5:56  Oracle x2  
  76  5:58  Probe  
  80  6:04  Probe  
  80  6:10  Probe  
  82  6:16  Probe (Chrono Boost)  
  82  6:17  Fleet Beacon  
  83  6:20  Pylon  
  83  6:22  Pylon  
  85  6:27  Probe (Chrono Boost)  
  85  6:28  Probe x2 (Chrono Boost)  
  86  6:37  Probe x2 (Chrono Boost)  
  86  6:38  Probe (Chrono Boost)  
  86  6:39  Cybernetics Core  
  89  6:45  Protoss Air Armor Level 1 (Chrono Boost)  
  89  6:55  Zealot  
  89  7:01  Nexus, Phoenix x3 (Chrono Boost)  
  95  7:04  Pylon  
  96  7:18  Zealot  
  98  7:25  Void Ray (Chrono Boost)  
  98  7:26  Void Ray x2 (Chrono Boost)  
  110  7:31  Stargate  
  110  7:44  Zealot  
  112  7:51  Photon Cannon  
  112  7:53  Photon Cannon  
  112  7:55  Photon Cannon  
  109  8:05  Pylon  
  109  8:07  Pylon  
  109  8:09  Pylon  
  109  8:10  Pylon  
  98  8:17  Zealot  
  54  8:42  Void Ray (Chrono Boost)  
  54  8:43  Void Ray (Chrono Boost)  
  54  8:48  Zealot  
Show
View Real Time Build Order
Export as new Build Order

Javert Zerg - Winner!

Build Orders: Hatch First 

Get SALT Encoding   

  12  0:01  Drone  
  13  0:13  Overlord  
  13  0:20  Drone  
  14  0:31  Drone x2  
  16  0:50  Hatchery  
  16  0:54  Drone  
  16  0:58  Extractor  
  15  1:10  Spawning Pool  
  14  1:15  Drone  
  15  1:25  Drone x2  
  17  1:42  Drone x2  
  19  1:53  Overlord  
  19  1:58  Queen  
  21  2:01  Metabolic Boost  
  21  2:12  Queen  
  23  2:26  Drone x2  
  23  2:27  Drone x2  
  27  2:33  Drone x2  
  29  2:43  Drone  
  29  2:44  Drone  
  30  2:59  Drone x2  
  30  3:02  Drone x2  
  34  3:12  Overlord  
  34  3:19  Queen  
  36  3:21  Hatchery  
  35  3:27  Zergling x2  
  35  3:32  Zergling x2  
  35  3:33  Zergling x4  
  39  3:36  Drone x5  
  44  4:00  Overlord x2  
  43  4:07  Overlord  
  43  4:13  Lair  
  43  4:15  Extractor  
  43  4:16  Drone x2  
  44  4:25  Extractor  
  44  4:26  Extractor  
  42  4:34  Drone x15  
  56  5:05  Zergling x2  
  56  5:06  Zergling x32  
  73  5:13  Extractor x2  
  71  5:15  Spire  
  71  5:16  Overseer  
  70  5:25  Overlord x2  
  70  5:28  Drone x3  
  72  5:48  Drone x17  
  89  5:51  Hydralisk Den  
  88  5:59  Drone  
  88  6:00  Overlord  
  89  6:09  Baneling Nest  
  89  6:12  Burrow  
  89  6:13  Overlord x2  
  89  6:15  Spore Crawler  
  89  6:17  Spore Crawler  
  87  6:18  Spore Crawler  
  87  6:20  Spore Crawler  
  87  6:21  Hydralisk x5  
  87  6:24  Spore Crawler  
  94  7:02  Hydralisk x9  
  112  7:10  Overlord x3, Muscular Augments  
  112  7:14  Evolution Chamber  
  111  7:16  Evolution Chamber  
  111  7:21  Drone x2  
  112  7:26  Spore Crawler  
  112  7:27  Overlord, Centrifical Hooks  
  111  7:35  Overlord x2  
  110  7:42  Hydralisk x6  
  122  7:48  Drone x2  
  123  8:17  Hydralisk x11  
  132  8:33  Drone x4  
  136  8:35  Roach Warren  
  135  8:46  Baneling  
  135  8:47  Baneling x23  
  135  8:48  Baneling  
  135  9:16  Overlord x2  
Tags
 
Add a new tag
Caveats
  • Supply blocks, unpowered buildings, or Contaminate may cause inaccurate times.
  • Supply counts are checked every 10 seconds.